 Dungeon Crawl Stone Soup version 0.28-a0-1510-gd0f6b136d3 (webtiles) character file.

Game seed: 10210525074737088628

305 Demosthentine the Sneak (level 6, -1/30 HPs)
             Began as a Spriggan Brigand on Jan 15, 2022.
             Slain by Blork the orc (13 damage)
             ... on level 4 of the Dungeon.
             The game lasted 00:05:42 (4006 turns).

Demosthentine the Sneak (Spriggan Brigand)          Turns: 4006, Time: 00:05:42

Health: -1/30      AC:  3    Str:  7    XL:     6   Next: 16%
Magic:  7/7        EV: 20    Int: 13    God:
Gold:   210        SH:  0    Dex: 24    Spells: 5/5 levels left

rFire   . . .      SeeInvis +   a - +2 dagger
rCold   . . .      Faith    .   (no shield)
rNeg    . . .      Spirit   .   b - +0 robe
rPois   .          Reflect  .   (helmet restricted)
rElec   .          Harm     .   c - +0 cloak
rCorr   .          Rampage  .   (gloves unavailable)
Will    +....                   (boots unavailable)
Stlth   ++++......              (no amulet)
HPRegen 0.10/turn               f - +6 ring of dexterity
MPRegen 0.10/turn               (no ring)

@: very quick
A: very small, no large weapons, unfitting armour, see invisible, speed 3
a: no special abilities


You were on level 4 of the Dungeon.
You visited 1 branch of the dungeon, and saw 4 of its levels.

You collected 210 gold pieces.

Inventory:

Hand Weapons
 a - a +2 dagger (weapon)
Missiles
 d - 11 poisoned darts (quivered)
 i - 2 curare-tipped darts
Armour
 b - a +0 robe (worn)
 c - a +0 cloak (worn)
Jewellery
 f - a +6 ring of dexterity (left hand)
Wands
 j - a wand of digging (3)
Scrolls
 h - 3 scrolls of blinking
Potions
 e - a potion of invisibility
 g - a potion of lignification {unknown}
 k - a potion of degeneration {unknown}
 l - a potion of heal wounds {unknown}


   Skills:
 - Level 1.5 Fighting
 + Level 3.9 Short Blades
 + Level 3.6 Throwing
 + Level 4.3 Dodging
 + Level 7.6 Stealth


You had 5 spell levels left.
You didn't know any spells.
Your spell library contained the following spells:

 Spells                   Type           Power      Damage    Failure   Level
 Animate Skeleton         Necr           0%         N/A       30%         1
 Foxfire                  Conj/Fire      0%         2x1d4     30%         1
 Pain                     Necr           0%         1d4       30%         1
 Blink                    Tloc           0%         N/A       43%         2
 Conjure Flame            Conj/Fire      0%         6-21      67%         3
 Inner Flame              Hex/Fire       0%         N/A       67%         3
 Vampiric Draining        Necr           0%         2d6       67%         3
 Flame Wave               Conj/Fire      0%         2d4       97%         4
 Manifold Assault         Tloc           0%         N/A       100%        5
 Storm Form               Tmut/Air       0%         N/A       100%        7


Dungeon Overview and Level Annotations

Branches:
Dungeon (4/15)
 Temple: D:4-7

Altars:
Ashenzari

Annotations:
D:4 Blork the orc


Innate Abilities, Weirdness & Mutations

You are very small and have problems with some larger weapons.
You are too small for most types of armour.
You have supernaturally acute eyesight. (SInv)
You cover ground extremely quickly. (Speed+++)


Message History

You hit Blork the orc but do no damage.
Blork the orc is moderately wounded.
Blork the orc casts a spell at you. The magic dart hits you!
You hit Blork the orc but do no damage.
Blork the orc is moderately wounded.
Blork the orc completely misses you.
You hit Blork the orc but do no damage.
Blork the orc is moderately wounded.
You hit Blork the orc.
Blork the orc is moderately wounded.
Blork the orc hits you with a +0 halberd.
You hit Blork the orc.
Blork the orc is heavily wounded.
Blork the orc misses you.
You hit Blork the orc.
Blork the orc is heavily wounded.
Blork the orc completely misses you.
You hit Blork the orc.
Blork the orc is heavily wounded.
Blork the orc points at you and mumbles some strange words.
The puff of frost hits you.
Throw: 12 darts (poison)
Press: ? - help, Q - select action, (/) - cycle Shift-Dir - straight line, f - Blork the orc
Aim: Blork the orc, wielding a +0 halberd and wearing a +0 robe (heavily wounded, 69% to hit)
You throw a poisoned dart. The poisoned dart hits Blork the orc!
Blork the orc is poisoned.
Blork the orc is heavily wounded.
You hit Blork the orc.
Blork the orc is heavily wounded.
Blork the orc frowns.
Blork the orc casts a spell.
Blork the orc seems to speed up.
You hit Blork the orc.
Blork the orc is severely wounded.
Blork the orc misses you.
You hit Blork the orc.
Blork the orc is severely wounded.
Blork the orc hits you with a +0 halberd!
You die...

..........#####..##
#... ..........#
##>.####....
.........##
###......#
........##
##......# .......##
##..8.8..# .....###
#.8.....8.# ....##
#.........# #####
#..##+##..# #@##
#.. #.o# .. . .....
... ..##### .....
#.# ..... .# .....
.. ..... ..


You could see Blork the orc (fast, poisoned).

Vanquished Creatures
  A black bear (D:3)
  2 hounds (D:4)
  A hound skeleton (D:2)
  6 adders
  An adder skeleton (D:4)
  2 dart slugs
  2 orcs (D:3)
  7 ball pythons
  6 bats
  6 endoplasms
  2 giant cockroaches
  7 goblins
  13 hobgoblins
  8 kobolds
  4 quokkas
  2 frilled lizards
  5 rats
75 creatures vanquished.

Notes
Turn   | Place    | Note
-------+----------+-------------------------------------------
     0 | D:1      | Demosthentine the Spriggan Brigand began the quest for the
                  | Orb.
     0 | D:1      | Reached XP level 1. HP: 10/10 MP: 2/2
   137 | D:1      | Reached skill level 6 in Stealth
   153 | D:1      | Reached XP level 2. HP: 14/14 MP: 3/3
   682 | D:1      | Reached XP level 3. HP: 18/18 MP: 4/4
  1566 | D:2      | Reached XP level 4. HP: 22/22 MP: 5/5
  1931 | D:3      | Noticed a black bear
  1949 | D:3      | Killed a black bear
  1950 | D:3      | Reached skill level 7 in Stealth
  1950 | D:3      | Reached XP level 5. HP: 25/25 MP: 6/6
  1965 | D:3      | Found a broken altar of Ashenzari.
  3816 | D:4      | Reached XP level 6. HP: 30/30 MP: 7/7
  3988 | D:4      | Noticed Blork the orc
  4006 | D:4      | Slain by Blork the orc

Illustrated notes

Levels and vault maps discovered:
D:1:      psy_arrival_terrarium, layout_loops_ring
D:2:      layout_loops_ring
D:3:      kennysheep_big_flooded_room, layout_loops_corners,
          mainiacjoe_overflow_alcove_2, minmay_mini_jars
D:4:      layout_cave_pods, zin_statuary, mainiacjoe_overflow_alcove_4,
          minivault_25, uniq_blork_the_orc

Skill      XL: |  1  2  3  4  5 |
---------------+----------------+-----
Stealth        | 6 7 |  7.6
Dodging        | 2 3 4 |  4.3
Short Blades   | 3 |  3.9
Throwing       | 3 |  3.6
Fighting       | |  1.5

Action                   |  1- 3 |  4- 6 || total
-------------------------+-------+-------++-------
Melee: Dagger            |   103 |   176 ||   279
       Punch             |     2 |     1 ||     3
Throw: Dart              |     5 |    16 ||    21
  Use: Scroll            |       |     3 ||     3
 Stab: Sleeping          |    18 |     6 ||    24
       Distracted        |     1 |     1 ||     2
Armor: Robe              |    10 |    17 ||    27
Dodge: Dodged            |    47 |   168 ||   215

Table legend: (Time is in decaauts)
 A = Elapsed time spent in this place.
 B = Non-inter-level travel time spent in this place.
 C = Inter-level travel time spent in this place.
 D = Time resting spent in this place.
 E = Time spent auto-exploring this place.
 F = Levels seen in this place.
 G = Mean time per level.
                   A        B        C        D        E       F      G
               +--------+--------+--------+--------+--------+-----+--------+
         Total |   3049 |   2972 |     77 |     96 |   2323 |   4 |  762.2 |
       Dungeon |   3049 |   2972 |     77 |     96 |   2323 |   4 |  762.2 |
               +--------+--------+--------+--------+--------+-----+--------+

Top non-repeatable levels by time:
     D:3: 1384 daAuts
     D:2: 735 daAuts
     D:1: 583 daAuts
     D:4: 346 daAuts
